Cogmind - Beta 10.2 @@@ ROGUE MODE // 2021.04.21 @ 22:30:02 Player: Po Result: Self-destructed Performance ------------- Evolutions (2) 1000 Regions Visited (6) 1200 Robots Destroyed (29) 145 Value Destroyed (518) 518 Prototype IDs (2) 40 Alien Tech Used (0) 0 Bonus (0) 0 TOTAL SCORE: 2903 Bonus ------- None Cogmind --------- Core Integrity 419/550 Matter 64/300 Energy 140/140 System Corruption 0% Temperature Cool (0) Movement Rolling (100) Location -8/Materials Parts ------- > --- POWER (2) -------- Light Deuterium Engine > --- PROPULSION (3) --- Compact Wheel > --- UTILITY (4) ------ Melee Analysis Suite Improved ECM Suite Improved ECM Suite Improved ECM Suite > --- WEAPON (2) ------- Katana Katana > --- INVENTORY (4) ---- Hacking Suite Ion Cannon Peak State ------------ > --- POWER ------------ Light Deuterium Engine > --- PROPULSION ------- Compact Wheel > --- UTILITY ---------- Melee Analysis Suite Improved ECM Suite Improved ECM Suite Improved ECM Suite > --- WEAPON ----------- Katana Katana > --- INVENTORY -------- Hacking Suite Ion Cannon [Rating: 22] Favorites ----------- Power Improved Ion Engine Engine Improved Ion Engine Power Core Nuclear Core Propulsion Aluminum Leg Treads Light Treads Leg Aluminum Leg Wheel Compact Wheel Utility Small Storage Unit Device Improved ECM Suite Storage Small Storage Unit Processor Melee Analysis Suite Protection Hardened Light Armor Plating Weapon Improved Assault Rifle Energy Gun Electrolaser Energy Cannon Advanced Beam Cannon Ballistic Gun Improved Assault Rifle Launcher EMP Blaster Slashing Weapon Katana Build | -11 -10 -9 -9 -9 -8 -8 ------- Run | Scr Mat Mat Min Exi Min Mat Slots Evolved 4 | . . 2 . . . 2 Power 1 | . . . . . . 1 Propulsion 1 | . . . . . . 1 Utility 2 | . . 2 . . . . Weapon . | . . . . . . . Parts Attached 51 | 7 2 31 . . 2 9 Power 6 | 1 . 3 . . . 2 Engine 5 | 1 . 3 . . . 1 Core 1 | . . . . . . 1 Reactor . | . . . . . . . Propulsion 11 | 2 . 8 . . . 1 Treads 1 | . . 1 . . . . Leg 8 | 2 . 6 . . . . Wheel 2 | . . 1 . . . 1 Hover . | . . . . . . . Flight . | . . . . . . . Utility 17 | 2 1 9 . . 1 4 Device 9 | 1 1 3 . . 1 3 Storage 1 | 1 . . . . . . Processor 2 | . . 1 . . . 1 Hackware . | . . . . . . . Protection 5 | . . 5 . . . . Artifact . | . . . . . . . Weapon 17 | 2 1 11 . . 1 2 Energy Gun 5 | . 1 4 . . . . Energy Cannon 1 | . . 1 . . . . Ballistic Gun 8 | 2 . 6 . . . . Ballistic Cannon . | . . . . . . . Launcher 1 | . . . . . 1 . Special Weapon . | . . . . . . . Impact Weapon . | . . . . . . . Slashing Weapon 2 | . . . . . . 2 Piercing Weapon . | . . . . . . . Special Melee Weapon . | . . . . . . . Unidentified Prototypes 2 | . . 2 . . . . Parts Lost 15 | . . 11 . . . 4 Power 2 | . . 2 . . . . Propulsion 5 | . . 3 . . . 2 Utility 4 | . . 2 . . . 2 Weapon 4 | . . 4 . . . . Highest Loss Streak 4 | . . 4 . . . 2 Average Slot Usage (%) 76 | . 100 90 66 66 81 53 Engine 9 | . 14 10 11 11 11 3 Leg 19 | . 28 20 22 22 22 7 Device 10 | . 14 13 . . 7 23 Storage 9 | . 14 11 11 11 11 1 Protection 14 | . . 13 22 22 22 2 Energy Gun 2 | . 10 5 . . . . Ballistic Gun 5 | . 17 14 . . . . Launcher 1 | . . . . . 7 1 Naked Turns . | . . . . . . . Heaviest Build 26 | 12 13 26 18 18 24 24 Greatest Support 20 | 20 20 20 20 20 20 20 Greatest Overweight (x) 4 | . . 4 . . 1 4 Average Overweight (x) . | . . . . . . . Largest Inventory Capacity 6 | 6 6 6 6 6 6 6 Average Capacity 5 | 5 6 6 6 6 6 4 Most Carried 6 | 4 4 6 3 4 6 6 Average Carried 4 | 1 3 4 3 3 4 3 Final Capacity 6 | 6 6 6 6 6 6 4 Final Carried 6 | 1 4 3 3 4 6 2 Class Distribution -------------------- 100% | Mutant Dominant Class ---------------- Mutant | -10/Materials Mutant | -9/Materials Mutant | -9/Mines Mutant | -9/Exiles Mutant | -8/Mines Mutant | -8/Materials Resources | -11 -10 -9 -9 -9 -8 -8 ----------- Run | Scr Mat Mat Min Exi Min Mat Matter Collected 910 | 284 . 530 . . 42 54 Remotely . | . . . . . . . Salvage Created 1140 | 124 17 889 . . 29 81 Parts 59 | 5 1 45 . . 4 4 Haulers Intercepted 1 | . . 1 . . . . Recyclers Shooed 4 | . . 4 . . . . Parts Field Recycled . | . . . . . . . Retrieved Matter . | . . . . . . . Parts Self-Destructed . | . . . . . . . Prevented . | . . . . . . . Kills | -11 -10 -9 -9 -9 -8 -8 ------- Run | Scr Mat Mat Min Exi Min Mat Combat Hostiles Destroyed 15 | . . 15 . . . . Guns 15 | . . 15 . . . . Classes Destroyed 9 | 2 1 5 . . 1 . Worker 2 | . . 1 . . 1 . Builder 1 | . . . . . 1 . Tunneler 1 | 1 . . . . . . Hauler 1 | . . 1 . . . . Recycler 6 | 1 . 4 . . . 1 Watcher 3 | . 1 1 . . . 1 Swarmer 7 | . . 7 . . . . Grunt 4 | . . 4 . . . . Sentry 4 | . . 4 . . . . Best Kill Streak 5 | 2 1 5 . . 2 1 Combat Bots Only 3 | . . 3 . . . . Max Kills in Single Turn 2 | 1 1 2 . . 2 1 Gunslinging . | . . . . . . . Exploded . | . . . . . . . Melee . | . . . . . . . Uniques/NPCs Destroyed . | . . . . . . . Combat | -11 -10 -9 -9 -9 -8 -8 -------- Run | Scr Mat Mat Min Exi Min Mat Damage Taken 2836 | . 33 2353 12 . . 438 Core 449 | . 10 308 . . . 131 Absorbed by Shields . | . . . . . . . Core Remaining (%) 73 | 100 96 . . . 23 . Volleys Fired 80 | 7 1 70 . . 2 . Largest 2 | 2 2 2 . . 1 . Hottest 126 | 40 70 126 . . 33 . Shots Fired 143 | 14 2 125 . . 2 . Gun 141 | 14 2 125 . . . . Cannon . | . . . . . . . Launcher 2 | . . . . . 2 . Special . | . . . . . . . Kinetic 78 | 14 1 63 . . . . Thermal 63 | . 1 62 . . . . Explosive . | . . . . . . . Electromagnetic 2 | . . . . . 2 . Robot Hit Streak 20 | 7 2 20 . . 2 . Robot Miss Streak 4 | 2 . 4 . . . . Penetration Max . | . . . . . . . Secondary Targets 1 | . . 1 . . . . Max Gunslinging Chain 1 | . . 1 . . . . Shots Hit Robots 96 | 9 1 81 . . 2 3 Core Hits 44 | 5 1 34 . . 2 2 Critical Hits 1 | . . 1 . . . . Critical Kills 1 | . . 1 . . . . Critical Parts Destroyed . | . . . . . . . Melee Attacks 6 | . . . . . . 6 Impact . | . . . . . . . Slashing 6 | . . . . . . 6 Piercing . | . . . . . . . Sneak Attacks 1 | . . . . . . 1 Combat Hostiles . | . . . . . . . Follow-up Attacks . | . . . . . . . Damage Inflicted 1727 | 82 21 1412 . . 47 165 Guns 1487 | 82 12 1393 . . . . Cannons . | . . . . . . . Explosions 47 | . . . . . 47 . Melee 165 | . . . . . . 165 Ramming 28 | . 9 19 . . . . Kinetic 768 | 82 . 686 . . . . Thermal 719 | . 12 707 . . . . Explosive . | . . . . . . . Electromagnetic 47 | . . . . . 47 . Impact . | . . . . . . . Slashing 165 | . . . . . . 165 Piercing . | . . . . . . . Highest Corruption 4 | . . 4 4 4 4 . Average Corruption 3 | . . 3 4 4 4 . Corruption Purged . | . . . . . . . Effects 48 | . . 25 1 12 10 . Message Errors 7 | . . 3 . 3 1 . Matter Fused 17 | . . 6 . 7 4 . Heat Flow Errors 6 | . . 3 . 1 2 . Energy Discharges 7 | . . 6 . 1 . . Parts Rejected 3 | . . 3 . . . . Data Loss (minor) 6 | . . 2 1 . 3 . Targeting Errors 1 | . . 1 . . . . Weapon Failures 1 | . . 1 . . . . Overload Shots . | . . . . . . . Overflow Damage 3 | . . . . . . 3 Projectiles . | . . . . . . . Explosions . | . . . . . . . Melee 3 | . . . . . . 3 Knockbacks . | . . . . . . . Impact . | . . . . . . . Kinetic . | . . . . . . . Secondary . | . . . . . . . Self-Inflicted Damage 6 | . . 6 . . . . Shots . | . . . . . . . Rammed 5 | . . 4 . . . 1 Targets Rammed 8 | . 1 6 . . . 1 Kicked 3 | . 1 2 . . . . Crushed . | . . . . . . . Highest Temperature 753 | . 30 753 . 126 271 . Average Temperature 176 | . 19 184 . 65 139 . Received Heat Transfer 912 | . 18 753 6 . . 135 Effects 20 | . . 20 . . . . Shutdowns 5 | . . 5 . . . . Energy Bleed 2 | . . 2 . . . . Interference 2 | . . 2 . . . . Matter Decay 5 | . . 5 . . . . Short Circuit 3 | . . 3 . . . . Damage (minor) 3 | . . 3 . . . . Siege Activations . | . . . . . . . Robots Corrupted . | . . . . . . . Combat Hostiles . | . . . . . . . Parts Fried . | . . . . . . . Impact Corruptions . | . . . . . . . Robots Melted . | . . . . . . . Combat Hostiles . | . . . . . . . Parts Melted 1 | . . 1 . . . . Heat Transferred 1628 | . 37 1591 . . . . Parts Sabotaged . | . . . . . . . Parts Stolen . | . . . . . . . Parts Stripped . | . . . . . . . Power Chain Reactions . | . . . . . . . Missiles Intercepted . | . . . . . . . Alert | -11 -10 -9 -9 -9 -8 -8 ------- Run | Scr Mat Mat Min Exi Min Mat Peak Influence 261 | 10 58 261 107 . 25 140 Initial 92 | . 6 24 92 . . . Average 67 | 6 19 115 92 . . 66 Maximum Alert Level 1 | . . 1 . . . . Low Security (%) 92 | 100 100 81 100 . 100 100 Level 1 7 | . . 18 . . . . Level 2 . | . . . . . . . Level 3 . | . . . . . . . Level 4 . | . . . . . . . Level 5 . | . . . . . . . High Security . | . . . . . . . Max Security . | . . . . . . . Squads Dispatched 4 | . . 1 . . . 3 Investigation . | . . . . . . . Extermination . | . . . . . . . Reinforcement 4 | . . 1 . . . 3 Assault . | . . . . . . . Garrison . | . . . . . . . Intercept . | . . . . . . . Construction Impeded . | . . . . . . . Haulers Reinforced . | . . . . . . . Stealth | -11 -10 -9 -9 -9 -8 -8 --------- Run | Scr Mat Mat Min Exi Min Mat Distress Signals 2 | . . . . . . 2 Communications Jammed . | . . . . . . . Distress Signals . | . . . . . . . Times Spotted 54 | . 3 31 3 . . 17 Peak Tracking Total 6 | . 2 6 3 . . 4 Tactical Retreats 13 | . 1 5 1 . . 6 Traps | -11 -10 -9 -9 -9 -8 -8 ------- Run | Scr Mat Mat Min Exi Min Mat Traps Triggered 2 | . . 2 . . . . Indirectly . | . . . . . . . Trap Hack Attempts . | . . . . . . . Triggered . | . . . . . . . Disarmed . | . . . . . . . Reprogrammed . | . . . . . . . Reused . | . . . . . . . Traps Extracted . | . . . . . . . Installed . | . . . . . . . Triggered . | . . . . . . . Machines | -11 -10 -9 -9 -9 -8 -8 ---------- Run | Scr Mat Mat Min Exi Min Mat Machines Disabled 1 | . . . . . 1 . Max in Single Turn 1 | . . . . . 1 . Machines Sabotaged . | . . . . . . . Garrisons Compromised . | . . . . . . . Overloaded Fab Kills . | . . . . . . . Fab Network Shutdowns . | . . . . . . . Hacking | -11 -10 -9 -9 -9 -8 -8 --------- Run | Scr Mat Mat Min Exi Min Mat Machines Accessed 6 | . . . . 4 . 2 Terminals 1 | . . . . . . 1 Fabricators . | . . . . . . . Repair Stations . | . . . . . . . Recycling Units . | . . . . . . . Scanalyzers 1 | . . . . . . 1 Garrison Access . | . . . . . . . Total Hacks 9 | . . . . 4 . 5 Successful 9 | . . . . 4 . 5 Failed . | . . . . . . . Catastrophic . | . . . . . . . Database Lockouts . | . . . . . . . Manual . | . . . . . . . Terminals 2 | . . . . . . 2 Fabricators . | . . . . . . . Repair Stations . | . . . . . . . Recycling Units . | . . . . . . . Scanalyzers 3 | . . . . . . 3 Garrison Access . | . . . . . . . Terminal Hacks 6 | . . . . 4 . 2 Record 5 | . . . . 4 . 1 Alert Level 1 | . . . . . . 1 Fabricator Hacks . | . . . . . . . Repair Station Hacks . | . . . . . . . Recycling Unit Hacks . | . . . . . . . Scanalyzer 3 | . . . . . . 3 Insert Component 1 | . . . . . . 1 Analyze 2 | . . . . . . 2 Garrison Access Hacks . | . . . . . . . Unauthorized Hacks . | . . . . . . . Terminals . | . . . . . . . Fabricators . | . . . . . . . Repair Stations . | . . . . . . . Recycling Units . | . . . . . . . Scanalyzers . | . . . . . . . Garrison Access . | . . . . . . . Data Cores Recovered . | . . . . . . . Used . | . . . . . . . Hacking Detections 1 | . . . . . . 1 Full Trace Events . | . . . . . . . Feedback Events . | . . . . . . . Feedback Blocked . | . . . . . . . Robot Schematics Acquired . | . . . . . . . Robots Built . | . . . . . . . Matter . | . . . . . . . Time . | . . . . . . . Total Robot Build Rating . | . . . . . . . Part Schematics Acquired 1 | . . . . . . 1 Parts Built . | . . . . . . . Matter . | . . . . . . . Time . | . . . . . . . Total Part Build Rating . | . . . . . . . Parts Repaired . | . . . . . . . Time . | . . . . . . . Parts Recycled . | . . . . . . . Recycled Matter . | . . . . . . . Retrieved Matter . | . . . . . . . Retrieved Components . | . . . . . . . Parts Scanalyzed 1 | . . . . . . 1 Part Schematics Acquired 1 | . . . . . . 1 Parts Damaged . | . . . . . . . Bothacking | -11 -10 -9 -9 -9 -8 -8 ------------ Run | Scr Mat Mat Min Exi Min Mat Used RIF Installer . | . . . . . . . Robots Hacked . | . . . . . . . Non-combat . | . . . . . . . Combat . | . . . . . . . Robot Hacks Applied . | . . . . . . . Relay Couplers Released . | . . . . . . . Robots Rewired . | . . . . . . . Allies Hacked . | . . . . . . . Hacks Repelled . | . . . . . . . Allies | -11 -10 -9 -9 -9 -8 -8 -------- Run | Scr Mat Mat Min Exi Min Mat Total Allies . | . . . . . . . Largest Group . | . . . . . . . Highest-Rated Group . | . . . . . . . Highest-Rated Ally . | . . . . . . . Total Orders . | . . . . . . . Ally Attacks . | . . . . . . . Total Damage . | . . . . . . . Kills . | . . . . . . . Allies Corrupted . | . . . . . . . Allies Melted . | . . . . . . . Intel | -11 -10 -9 -9 -9 -8 -8 ------- Run | Scr Mat Mat Min Exi Min Mat Robot Analysis Total . | . . . . . . . Derelict Logs Recovered . | . . . . . . . Drone Launches . | . . . . . . . Drone Recoveries . | . . . . . . . Exploration | -11 -10 -9 -9 -9 -8 -8 ------------- Run | Scr Mat Mat Min Exi Min Mat Turns Passed 3446 | 115 147 1136 38 819 610 581 Spaces Moved 2212 | 77 115 554 32 682 427 325 Core 17 | 12 . 4 . . . 1 Treads 10 | . . 10 . . . . Legs 2083 | 65 115 534 32 682 427 228 Wheels 102 | . . 6 . . . 96 Hover . | . . . . . . . Flight . | . . . . . . . Fastest Speed 50 | 50 120 100 120 120 120 100 Average Speed 130 | 109 120 141 120 120 140 128 Slowest Speed 250 | 120 120 250 120 120 150 250 Overloaded Moves . | . . . . . . . Propulsion Burnouts . | . . . . . . . Robots Hopped . | . . . . . . . Cave-ins Triggered . | . . . . . . . Exploration Rate (%) 35 | 3 22 27 6 92 70 25 Regions Visited 6 Branch Regions 3 Pre-discovered Areas . | . . . . . . . Known Exits Taken . | . . . . . . . Unknown Exits Taken 6 | 1 1 1 1 1 1 . Scrap Searched 1 | . . . . . 1 . Spaces Dug . | . . . . . . . Terrain Destroyed . | . . . . . . . Melee . | . . . . . . . Projectile . | . . . . . . . AOE . | . . . . . . . Terrain Rammed . | . . . . . . . Walls Destroyed . | . . . . . . . Machines Disabled . | . . . . . . . Actions | -11 -10 -9 -9 -9 -8 -8 --------- Run | Scr Mat Mat Min Exi Min Mat Total 2630 | 96 122 781 31 682 436 482 Wait 201 | . . 78 . . 2 121 Move 2206 | 76 114 553 31 681 426 325 Hop . | . . . . . . . Pick Up 49 | 6 3 25 . 1 4 10 Fast Attach 6 | 2 . 2 . . . 2 Attach 35 | 5 1 21 . . 2 6 Detach 2 | . 1 1 . . . . Swap 10 | . 1 8 . . . 1 Drop 27 | . . 17 . . . 10 Fire 80 | 7 1 70 . . 2 . Melee 6 | . . . . . . 6 Ram . | . . . . . . . Kick 8 | . 1 6 . . . 1 Crush . | . . . . . . . Escape Stasis . | . . . . . . . Rewire . | . . . . . . . Trap . | . . . . . . . Miscellaneous . | . . . . . . . Route ------- -11/Scrapyard -10/Materials -9/Materials -9/Mines -9/Exiles (discovered 2 exits: [*Min x2]) -8/Mines -8/Materials History --------- Turn | Location | Event 11 | -11/Scrapyard | Discovered new exit (range 15) 116 | -11/Scrapyard | Entered Materials 252 | -10/Materials | Discovered new exit (range 5) 263 | -10/Materials | Entered another Materials area 263 | -9/Materials | Evolved 2 slots: Utility x2 300 | -9/Materials | Build established: Mutant 641 | -9/Materials | Lost 3 parts (1n1u1w) 1098 | -9/Materials | Core integrity fell below 50% 1170 | -9/Materials | Lost 4 parts (2n1u1w) 1387 | -9/Materials | Lost 3 parts (1p2w) 1393 | -9/Materials | Discovered new exit (range 6) 1399 | -9/Materials | Entered Mines 1431 | -9/Mines | Deemed a non-threat by the Exiles lab entrance 1432 | -9/Mines | Discovered new exit (range 5) 1437 | -9/Mines | Entered Exiles 1437 | -9/Exiles | Found Exiles lab abandoned 1459 | -9/Exiles | Discovered new exit (range 15) 1988 | -9/Exiles | Discovered new exit (range 14) 2256 | -9/Exiles | Entered Mines 2362 | -8/Mines | Discovered new exit (range 11) 2866 | -8/Mines | Entered Materials 2866 | -8/Materials | Evolved 2 slots: Power x1, Propulsion x1 3447 | -8/Materials | Self-destructed Last Messages --------------- 03155_ Dropped Imp. Grenade Launcher. 03157_ Acquired Katana. 03159_ W-25 Informer sends out distress signal. 03160_ ALERT: Hostiles spotted, dispatching reinforcements to Terminal M002. 03161_ Dropped Thermal Generator. 03162_ R-06 Scavenger collects Hvy. Mace. 03166_ R-06 Scavenger collects Thermal Generator. 03169_ R-06 Scavenger collects Imp. Grenade Launcher. 03266_ Sneak attack on R-06 Scavenger. 03266_ R-06 Scavenger destroyed. 03268_ Acquired 54 matter. 03269_ Aluminum Leg destroyed. 03272_ Acquired Com. Wheel. 03309_ Acquired Lgt. Deuterium Engine. 03312_ Dropped Nuclear Core. 03315_ Acquired Melee Analysis Suite. 03340_ W-25 Informer sends out distress signal. 03341_ Destroyed Imp. Hover Unit. 03349_ W-25 Informer destroyed. Map ----- +----------------------------------------------------+ | ???????????????????????# ! !#? | | ???????????????????????# #? | | ?????????????????#######! #? | | ?????????????????# # "" #? | | ???????????# ]] # # """#? | | ???????????# ] + T + S"#? | | ???????????# # # #? | | ?????????????????# [#######? | | ?????????????????## ##??????? | | ??????????????????# #???????? | | ??????????????????# #???????? | | ??????????????????# #???????? | | ????????########### #???????? | | ????????# # #???????? | | ????????# # #####???? | | ????????# # #???? | | ????????# """ """ + #???? | | ????????# """ """ # #???? | | ????????# """ """ # #####???? | | ????????? # #???????? | | ????????# # #???????? | | ????????########### #???????? | | ??????????????????# #???????? | | ??????????????????# #???????? | | ??????????????????# ######### | | ??????????????????# # @ # | | ??????????????????# # """"" # | | ??????????????????# # """"" # | | ??????????????????# # """"" # | | #+##??????????????# # """"" # | | #######????????# + """"" # | | ! #???????# # """"" # | | #???????# # """"" # | | ##### +???????# # # | | ?###???# #???????# # # | | #?##???# #???????# # # | | ??# #???????# ##+###### | | !]?# #???????# #????? | | = !]?# ######### ##????? | | ??= !] # # ## #?????? | | ???? # # """ ## #?????? | | ?????? + *# """ ## #?????? | | ???????#!%# """ ## #?????? | | ???????# + !## #?????? | | ???????# # * ## #?????? | | ??????## ######### #?????? | | ####### ##### ##????? | | #????? | | T #????? | | ####### ##### #????? | +----------------------------------------------------+ Best States ------------- Heat Dissipation 31 Energy Generation 14 Energy Capacity 265 Matter Stores 300 Matter Capacity 300 Sight Range 16 Terrain Scan Range 16 Terrain Scan Density 10 ECM Strength 4 Armor Coverage 300 Power Shielding 66 Evasion (%) 50 Melee Accuracy 5 Recoil Reduction 1 Item Schematics ----------------- Rnf. Deuterium Engine | -8/Materials | Scanalyzed Robot Schematics ------------------ None Fabricated ------------ Nothing Alien Tech Used ----------------- None Achievements -------------- None Challenges ------------ None Game ------ Seed GatlingMetafieldTearclaws Manual? 0 Play Time 00:31:25 Cumulative 14.1 hours Start 2021.04.17 @ 10:56:33 End 2021.04.21 @ 22:30:02 Sessions 3 Manual Loads 0 Difficulty Rogue Special Mode None Game No. 20 Rogue 20 Adventurer 0 Explorer 0 Win Type - Total 0 Types 0/0/0/0/0/0/0/0/0 Lore% 12 Gallery% 23 Achievement% 15 Wizard Run 0 Options --------- ASCII 0 Keyboard 0 Movement Numpad Keybinds 0 Fullscreen 2 Font 18/SmallcapsGlow Map View 76x50 Tactical HUD 1 Map Filters NONE Filters NONE Steam 1 RUN: 3bd28747-782b-46de-8f7b-0201a07d3111